AoeStats
← Mhafiki

Arabia

503532680Analyzed
1v1 RM · 1mo ago on Sep 1, 2026· 48m 32s· 2 players
Game mode
Random Map
Map size
Tiny (2 player)
Population
200
Speed
Normal
Resources
Standard
Victory
Conquest
Starting age
Dark Age
Ending age
Imperial Age
RankedLock teamsTeams togetherTeam positionsShared explorationLock speedFull tech treeHidden civsTurbo modeCheats
Victory
Defeat
🇺🇸 Vietnamese · United States
1120
+15
🇺🇸 Wei · United States
1091
-15
Mhafiki
7:02 Loom
9:28 Feudal Age
10:18 Double-Bit Axe
10:13 Horse Collar
12:13 Gold Mining
18:36 Castle Age
20:30 Bow Saw
20:30 Scale Barding Armor
23:32 Heavy Plow
24:21 Stone Mining
27:52 Bloodlines
27:55 Forging
29:42 Gold Shaft Mining
29:57 Iron Casting
31:42 Stone Shaft Mining
33:33 Chain Barding Armor
35:11 Fletching
39:09 Imperial Age
37:52 Padded Archer Armor
41:03 Parthian Tactics
41:55 Bodkin Arrow
42:48 Leather Archer Armor
42:39 Bracer
42:53 Thumb Ring
44:00 Leather Archer Armor
47:31 Chemistry
47:58 Ring Archer Armor
Classixx
6:39 Loom
9:52 Feudal Age
10:30 Double-Bit Axe
12:46 Horse Collar
14:41 Fletching
20:56 Castle Age
20:31 Gold Mining
21:11 Padded Archer Armor
21:00 Crossbowman
21:36 Bodkin Arrow
22:11 Thumb Ring
23:29 Bow Saw
23:58 Ballistics
25:44 Wheelbarrow
25:21 Squires
25:39 Town Watch
26:17 Scale Mail Armor
26:20 Pikeman
33:19 Town Patrol
33:35 Hand Cart
33:55 Leather Archer Armor
33:54 Forging
37:27 Imperial Age
36:35 Chain Mail Armor
36:53 Leather Archer Armor
38:08 Halberdier
39:34 Plate Mail Armor
40:10 Iron Casting
41:02 Chemistry
44:27 Bracer
45:23 Elite Skirmisher
46:25 Imperial Skirmisher
47:38 Ring Archer Armor
Connection lost

Rejoining the realm…

Still unreachable

The connection could not be restored.

Session expired

The server has moved on; the page needs a fresh start.